cohdb
Replays
Latest Replays
All Replays
Popular Replays
Top Player Replays
Match Explorer
How It Works
Community
CoH3 Stats
Reddit
Sign in to upload your games and track your stats! →
Sign in with Steam
Match 44471624
Unlisted
Match 44471624
Overview
Messages
Build Orders
End
Selects Italian Coastal Battlegroup
Selects Coastal Reserves
Coastal Reserve
Kettenkrad Recon Vehicle
Construct Infanterie Kompanie
Pioneer Squad
MG 42 Machine Gun Team
Coastal Reserve
Construct Panzergrenadier Kompanie
Selects Artillery Officer
251 Medium Carrier
Medical Bunker
Selects Designate Defensive Line
Panzergrenadier Squad
Selects Rapid Fortifications
Pak 40 Anti-tank Gun Team
Construct Panzer Kompanie
Rapid Fortifications
MG 42 Bunker
Rapid Fortifications
Panzer IV Medium Tank
Medical Bunker
Pioneer Squad
Side Skirts
Panzergrenadier Squad
Selects Bulwark
Selects Obice da 210/22 Artillery Emplacement
Panzer IV Medium Tank
Rapid Fortifications
Repair Bunker
Pioneer Squad
Sturmpanzer IV Brummbär
Panzergrenadier Squad
Medical Station
Panzer IV Medium Tank
Panzer IV Medium Tank
Pioneer Squad
Pioneer Squad
Designate Defensive Line
Panzer IV Medium Tank
Pioneer Squad
Panzergrenadier Squad
Panzer IV Medium Tank
Panzer IV Medium Tank
Designate Defensive Line
12azzmatazz
Cpt Darling
Lazy Ren
Barbarossa
0
0
Comments
sign in to comment!
No comments posted yet!